 Dungeon Crawl Stone Soup version 0.32-a0-131-g9dbbe29261 (webtiles) character file.

Game seed: 3361653370785942341

1481 zeratav the Mimic (level 8, -9/82 HPs)
             Began as an Octopode Shapeshifter on Feb 8, 2024.
             Was an Initiate of Gozag.
             Mangled by Duvessa
             ... wielding a +0 short sword
              (13 damage)
             ... on level 5 of the Dungeon.
             The game lasted 00:13:19 (4715 turns).

zeratav the Mimic (Octopode Shapeshifter)           Turns: 4715, Time: 00:13:20

Health: -9/82      AC: 24    Str: 15    XL:     8   Next: 79%
Magic:  8/8        EV:  2    Int:  8    God:    Gozag
Gold:   330        SH:  0    Dex: 18    Spells: 7/7 levels left

rFire   . . .        x - +7 trident "Ytwuxala" {flame, rPois Will++ Int-4, polearm}
rCold   . . .        (no shield)
rNeg    + + .        (helmet currently unavailable)
rPois   +            (no amulet)
rElec   .            g - +5 ring of evasion
rCorr   .            v - ring of positive energy
SInv    .            w - +6 ring of dexterity
Will    ++...        p - ring of positive energy
Stlth   +++          (no ring)
HPRegen 0.33/turn    (no ring)
MPRegen 0.11/turn    (no ring)
                     (no ring)

%: no passive effects
@: tree-form, gold aura
A: stationary, stasis, torment immunity, boosted hp, almost no armour,
(amphibious), 8 rings, (camouflage 1), (gelatinous body 1), (nimble swimmer 1),
(tentacles)
a: Renounce Religion, Potion Petition, Call Merchant, Bribe Branch


You were on level 5 of the Dungeon.
You worshipped Gozag.
Gozag was aware of your devotion.
You were a tree.
You visited 1 branch of the dungeon, and saw 6 of its levels.

You collected 599 gold pieces.
You spent 179 gold pieces at shops.
You paid 90 gold pieces to Gozag.


Innate Abilities, Weirdness & Mutations

You are a tree.
Your roots penetrate the ground, keeping you stationary.
You cannot be teleported.
You are immune to unholy pain and torment.
Your maximum health is greatly increased.
You cannot wear most types of armour.
((You are amphibious.))
You can wear up to eight rings at the same time.
((Your skin changes colour to match your surroundings (Stealth+).))
((Your rubbery body absorbs attacks. (AC +1, EV +1)))
((You are camouflaged when in or above water. (Stealth+)))
((You have tentacles for arms and can constrict up to eight enemies at once.))


   Skills:
 - Level 5.0 Fighting
 - Level 2.0 Dodging
 - Level 5.0 Stealth
 - Level 3.0 Unarmed Combat
 + Level 8.5 Shapeshifting


You had 7 spell levels left.
You didn't know any spells.
Your spell library contained the following spells:

 Spells                   Type           Power      Damage    Failure   Level
 Apportation              Tloc           0%         N/A       41%         1
 Foxfire                  Conj/Fire      0%         2x1d4     41%         1
 Kiss of Death            Conj/Necr      0%         2d5       41%         1
 Shock                    Conj/Air       0%         1d3       41%         1
 Jinxbite                 Hex            0%         N/A       54%         2
 Lesser Beckoning         Tloc           0%         N/A       54%         2
 Confusing Touch          Hex            0%         N/A       78%         3
 Swiftness                Air            0%         N/A       78%         3
 Volatile Blastmotes      Fire/Tloc      0%         2d10      78%         3
 Airstrike                Air            0%         2d(0-16)  99%         4
 Cause Fear               Hex            0%         N/A       99%         4
 Dimensional Bullseye     Hex/Tloc       0%         N/A       99%         4
 Dispel Undead            Necr           0%         3d6       99%         4
 Iskenderun's Mystic Bla  Conj/Tloc      0%         2d3       99%         4
 Passage of Golubria      Tloc           0%         N/A       99%         4
 Alistair's Intoxication  Alch           0%         N/A       100%        5
 Fireball                 Conj/Fire      0%         3d3       100%        5
 Plasma Beam              Fire/Air       0%         2x1d10    100%        6
 Starburst                Conj/Fire      0%         6d3       100%        6
 Dragon's Call            Summ           0%         N/A       100%        9

Inventory:

Hand Weapons
 u - the +10 long sword of Fortitude {freeze, ^Drain rPois rF+ Dex+8, long}
   (You found it on level 4 of the Dungeon)

   Dex+8:     It affects your dexterity (+8).
   rF+:       It protects you from fire.
   rPois:     It protects you from poison ^Drain: It drains your maximum health
   when unequipped.
 x - the +7 trident "Ytwuxala" (weapon) {flame, rPois Will++ Int-4, polearm}
   (You found it on level 6 of the Dungeon)

   Int-4:     It affects your intelligence (-4).
   rPois:     It protects you from poison Will++: It greatly increases your
   willpower.
Jewellery
 g - a +5 ring of evasion (left branch)
   (You found it on level 2 of the Dungeon)
 p - a ring of positive energy (on tentacle)
   (You found it on level 6 of the Dungeon)
 v - a ring of positive energy (right branch)
   (You found it on level 5 of the Dungeon)
 w - a +6 ring of dexterity (on tentacle)
   (You found it on level 6 of the Dungeon)
Talismans
 b - a beast talisman
 c - a flux talisman
 d - a serpent talisman
   (You found it on level 1 of the Dungeon)
Wands
 t - a wand of iceblast (2) (quivered)
   (You found it on level 6 of the Dungeon)
Scrolls
 e - 4 scrolls of enchant armour
 h - 2 scrolls of amnesia
 i - a scroll of revelation
 k - 6 scrolls of teleportation {@r4}
 m - a scroll of noise {!r}
 q - a scroll of fog
 s - a scroll of immolation {!r!r}
Potions
 f - 4 potions of curing {@q1}
 j - 4 potions of brilliance
 l - a potion of mutation {!q}
 n - a potion of might
 o - a potion of attraction {!q}
 r - a potion of haste {unknown}

Dungeon Overview and Level Annotations

Branches:
Dungeon (6/15) Zot: 25730
 Temple: D:4-7

Altars:
Ashenzari
Gozag
Kikubaaqudgha
Okawaru

Shops:
D:3 *!?

Annotations:
D:5 Blork the orc, Duvessa, Sigmund

#.# #.. #.###### #..
#....... #... #(......
#.... #.......
#....########## #.......
'........##....##......#
......e.....# .##>.....#
......$♣....##.##......#
..###.....[....######'##
#......#.########.#.
########.......##...
###########.####.
#...<.>..........
#.#########......
#.#...# ##'''###
#####.#.### ##.....##


You could see Duvessa (berserk).


Message History

The phantom hits you.
The phantom blinks!
You blink.
HP[-3]
You take 3 damage, and now have 52/55 hp.
You puncture the phantom! You burn the phantom. The phantom hits you.
The phantom blinks!
You blink.
HP[-6]
You take 6 damage, and now have 46/55 hp.
You impale the phantom!! You burn the phantom.
You destroy the phantom!
HP[+1]
You now have 330 gold pieces (gained 6).
You start resting.
HP[+8]
Your hp is fully restored (55).
You see here a +0 chain mail.
Duvessa, Sister of Dowan comes into view.
She is wielding a +0 short sword.
Duvessa shouts!
Dowan casts a spell at you. The puff of frost misses you.
Reach: x) +7 trident "Ytwuxala" {flame, rPois Will++ Int-4, polearm}
Press: ? - help, Dir - move target, f - Dowan
Aim: Dowan, wielding a +1 dagger of speed and wearing a +0 robe (about 35% to evade the +7 trident "Ytwuxala")
Okay, then.
Press: ? - help, v - describe, . - travel
Here: Dowan, wielding a +1 dagger of speed and wearing a +0 robe The floor.
Press: ? - help, v - describe, . - travel
Here: Dowan, wielding a +1 dagger of speed and wearing a +0 robe The floor.
You reach to attack!
You barely miss Dowan. Duvessa says, "Did you see that move?
Perfect!"
Dowan closely misses you.
You closely miss Duvessa. Your grab misses Duvessa.
You tentacle-slap Duvessa, but do no damage.
Dowan hits you with a +1 dagger of speed!
Duvessa misses you.
Dowan hits you with a +1 dagger of speed.
HP[-13]
You take 13 damage, and now have 42/55 hp.
MASSIVE DAMAGE!! (PAUSE)
You hit Dowan. You burn Dowan. You grab Dowan. You constrict Dowan.
Dowan hits you with a +1 dagger of speed!
Duvessa barely misses you.
Dowan hits you with a +1 dagger of speed.
HP[-11]
You take 11 damage, and now have 31/55 hp.
Your transformation has ended.
You turn into a tree.
Your roots penetrate the ground.
You lose your grip on Dowan.
Duvessa hits you but does no damage. Dowan hits you but does no damage.
HP[+16]
You now have 82 max hp (+27).
You regained 16 hp, and now have 47/82 hp.
You miss Dowan.
Dowan says, "My weaknesses are her strengths!"
Dowan hits you with a +1 dagger of speed.
Duvessa hits you but does no damage.
Dowan hits you with a +1 dagger of speed.
* * * LOW HITPOINT WARNING * * *
Duvessa hits you but does no damage.
HP[-7]
You take 7 damage, and now have 40/82 hp.
You puncture Dowan! You burn Dowan. Dowan hits you but does no damage. x2
Duvessa hits you but does no damage.
HP[+1]
You hit Dowan. You burn Dowan.
Dowan hits you with a +1 dagger of speed.
* * * LOW HITPOINT WARNING * * *
Duvessa hits you but does no damage. Dowan hits you but does no damage.
HP[-4]
You take 4 damage, and now have 37/82 hp.
You hit Dowan. You burn Dowan.
You kill Dowan!
Duvessa screams in rage.
Duvessa goes berserk!
Duvessa hits you but does no damage. x2
HP[+1]
You barely miss Duvessa. Duvessa hits you with a +0 short sword.
* * * LOW HITPOINT WARNING * * *
Duvessa hits you but does no damage.
HP[-5]
You take 5 damage, and now have 33/82 hp.
You puncture Duvessa! You burn Duvessa! Duvessa hits you with a +0 short sword!
* * * LOW HITPOINT WARNING * * *
Duvessa hits you with a +0 short sword!
* * * LOW HITPOINT WARNING * * *
HP[-23]
You take 23 damage, and now have 10/82 hp.
MASSIVE DAMAGE!! (PAUSE)
You hit Duvessa. You burn Duvessa. Duvessa hits you with a +0 short sword!
* * * LOW HITPOINT WARNING * * *
Duvessa hits you but does no damage.
HP[-6]
You take 6 damage, and now have 4/82 hp.
You puncture Duvessa! You burn Duvessa. Duvessa hits you but does no damage.
Duvessa hits you with a +0 short sword!
You die...
Your body crumbles into a pile of gold.

Skill      XL: |  1  2  3  4  5  6  7  8 |
---------------+-------------------------+-----
Stealth        | 2 3 5 |  5.0
Fighting       | 2 5 |  5.0
Shapeshifting  | 4 6 8 |  8.5
Dodging        | |  2.0
Unarmed Combat | |  3.0

Action                     |  1- 3 |  4- 6 |  7- 9 || total
---------------------------+-------+-------+-------++-------
  Melee: Unarmed           |    91 |    50 |    96 ||   237
         Constrict         |    23 |    14 |    22 ||    59
         Tentacles         |    10 |    17 |    26 ||    53
         Punch             |     3 |     1 |     9 ||    13
         Trident           |       |       |    22 ||    22
  Evoke: Wand              |       |     6 |     3 ||     9
    Use: Scroll            |     8 |       |     3 ||    11
         Potion            |       |       |     1 ||     1
   Stab: Sleeping          |    13 |     6 |     4 ||    23
         Distracted        |       |     1 |     2 ||     3
 Armour: Skin              |    34 |     9 |    64 ||   107
  Dodge: Dodged            |    50 |    35 |    75 ||   160

Levels and vault maps discovered:
D:1:      dpeg_chamrin_arrival_tetris, layout_basic
D:2:      layout_loops_ring, basic_altar
D:3:      layout_rooms, mainiacjoe_overflow_cross_hatched, serial_shops, shop,
          nicolae_shop_industrial_runoff, shop, kennysheep_big_empty_room,
          dreamdust_wishing_well
D:4:      layout_rooms, mainiacjoe_overflow_small_starburst,
          nicolae_overflow_hidden_temple, uniq_edmund
D:5:      layout_basic, mainiacjoe_overflow_alcove_4, kennysheep_vampire_church,
          uniq_blork_the_orc, uniq_duvessa, uniq_sigmund, uniq_eustachio
D:6:      layout_cave_pools, billiards_dpeg, uniq_menkaure

Notes
Turn   | Place    | Note
-------+----------+-------------------------------------------
     0 | D:1      | zeratav the Octopode Shapeshifter began the quest for the
                  | Orb.
     0 | D:1      | Reached XP level 1. HP: 13/13 MP: 1/1
     0 | D:1      | magus.rc [v1.9.6]
    55 | D:1      | Reached skill level 1 in Stealth
   112 | D:1      | You pick up a book of Touch and begin reading...
   112 | D:1      | You add the spells Kiss of Death, Confusing Touch and
                  | Dispel Undead to your library.
   129 | D:1      | You pick up a book of Touch and begin reading...
   169 | D:1      | Reached skill level 2 in Stealth
   185 | D:1      | Reached XP level 2. HP: 18/18 MP: 2/2
   239 | D:1      | Reached skill level 3 in Stealth
   331 | D:1      | You pick up a book of Fire and begin reading...
   331 | D:1      | You add the spells Foxfire, Plasma Beam and Starburst to
                  | your library.
   447 | D:1      | You fall into a shaft and drop 1 floor!
   642 | D:2      | Found a broken altar of Ashenzari.
   846 | D:2      | Reached XP level 3. HP: 19/23 MP: 3/3
   882 | D:2      | Reached skill level 4 in Stealth
  1291 | D:3      | You add the spells Lesser Beckoning, Volatile Blastmotes,
                  | Iskenderun's Mystic Blast, Dimensional Bullseye and Passage
                  | of Golubria to your library.
  1291 | D:3      | Got the Compilation of Singed Relocation
  1498 | D:3      | Found an iron altar of Okawaru.
  1535 | D:3      | Found Eniaf's Distillery.
  1537 | D:3      | Found Keqid's Magic Scroll Shop.
  1556 | D:3      | Bought a potion of might for 52 gold pieces
  1556 | D:3      | Bought a potion of attraction for 39 gold pieces
  1563 | D:3      | Bought a scroll of identify for 22 gold pieces
  1563 | D:3      | Bought a scroll of identify for 22 gold pieces
  1563 | D:3      | Bought a scroll of identify for 22 gold pieces
  1563 | D:3      | Bought a scroll of identify for 22 gold pieces
  1647 | D:3      | Reached skill level 5 in Stealth
  1720 | D:3      | Found Wir Uresu's General Store.
  2001 | D:4      | Reached XP level 4. HP: 16/28 MP: 4/4
  2138 | D:4      | Reached skill level 2 in Fighting
  2254 | D:4      | Identified the +10 long sword of Fortitude {freeze, ^Drain
                  | rPois rF+ Dex+8}
  2335 | D:4      | Reached XP level 5. HP: 35/36 MP: 5/5
  2356 | D:4      | Found an opulent altar of Gozag.
  2364 | D:4      | Reached skill level 3 in Fighting
  2368 | D:4      | Reached skill level 4 in Fighting
  2374 | D:4      | Became a worshipper of Gozag Ym Sagoz the Greedy
  2466 | D:4      | Noticed Edmund
  2504 | D:4      | You pick up a book of the Dragon and begin reading...
  2504 | D:4      | You add the spells Cause Fear, Fireball and Dragon's Call
                  | to your library.
  2588 | D:5      | Entered Level 5 of the Dungeon
  2608 | D:5      | Noticed Blork the orc
  2713 | D:5      | Noticed Sigmund
  2713 | D:5      | Noticed an ogre
  2744 | D:4      | Killed Edmund
  2745 | D:4      | Reached skill level 5 in Fighting
  2745 | D:4      | Reached XP level 6. HP: 45/45 MP: 6/6
  2881 | D:5      | Reached skill level 4 in Shapeshifting
  2968 | D:5      | Reached XP level 7. HP: 50/50 MP: 7/7
  2979 | D:5      | You pick up a book of Air and begin reading...
  2979 | D:5      | You add the spells Shock, Swiftness and Airstrike to your
                  | library.
  3183 | D:5      | Found an ancient bone altar of Kikubaaqudgha.
  3190 | D:5      | Reached skill level 5 in Shapeshifting
  3299 | D:5      | Noticed Dowan
  3464 | D:6      | Noticed Menkaure
  3489 | D:6      | Reached skill level 6 in Shapeshifting
  3720 | D:6      | Reached XP level 8. HP: 47/55 MP: 8/8
  3925 | D:6      | You pick up a book of Party Tricks and begin reading...
  3925 | D:6      | You add the spells Apportation, Jinxbite and Alistair's
                  | Intoxication to your library.
  4018 | D:6      | Reached skill level 7 in Shapeshifting
  4153 | D:6      | Killed Menkaure
  4353 | D:6      | Identified the +7 trident "Ytwuxala" {flame, rPois Will++
                  | Int-4}
  4548 | D:6      | Reached skill level 8 in Shapeshifting
  4702 | D:5      | Noticed Duvessa
  4711 | D:5      | Killed Dowan
  4713 | D:5      | HP: 20/82 [Duvessa/+0 short sword (13)]
  4714 | D:5      | HP: 4/82 [Duvessa/+0 short sword (7)]
  4715 | D:5      | Mangled by Duvessa

Vanquished Creatures
  Edmund (D:4)
  Menkaure (D:6)
  An ice beast (D:6)
  2 phantoms (D:5)
  A gnoll sergeant (D:6)
  2 bullfrogs
  2 scorpions
  Dowan (D:5)
  2 vampire bats (D:5)
  A howler monkey (D:5)
  A hound (D:5)
  3 jellies
  2 sleepcaps (D:6)
  5 iguanas
  3 orc wizards (D:6)
  4 gnolls (D:6)
  3 adders
  A shadow imp (D:6)
  2 ufetubi (D:6)
  A ribbon worm (D:4)
  5 orcs
  5 ball pythons
  2 bat skeletons (D:5)
  4 bat zombies (D:5)
  5 endoplasms
  3 giant cockroaches
  6 goblins
  8 hobgoblins
  5 jackals
  3 quokkas
  3 bats (D:1)
  4 frilled lizards
  3 kobolds
  8 rats
103 creatures vanquished.

Table legend:
 A = Non-vault XP
 B = Vault XP
 C = Vault XP percentage of total XP
 D = Non-vault monster count
 E = Vault monster count
 F = Vault count percentage of total count
                 A         B        C        D         E       F
            +---------+---------+-------+---------+---------+-------
      Total |    1388 |     729 |  34.4 |      88 |      15 |  14.6
            +---------+---------+-------+---------+---------+-------
        D:1 |      28 |       0 |   0.0 |      19 |       0 |   0.0
        D:2 |      37 |       0 |   0.0 |      17 |       0 |   0.0
        D:3 |      16 |       0 |   0.0 |       9 |       0 |   0.0
        D:4 |     212 |     176 |  45.4 |      18 |       1 |   5.3
        D:5 |     505 |     196 |  28.0 |       9 |       9 |  50.0
        D:6 |     590 |     357 |  37.7 |      16 |       5 |  23.8
            +---------+---------+-------+---------+---------+-------

Skill      XL: |  1  2  3  4  5  6  7  8 |
---------------+-------------------------+-----
Stealth        | 2 3 5 |  5.0
Fighting       | 2 5 |  5.0
Shapeshifting  | 4 6 8 |  8.5
Dodging        | |  2.0
Unarmed Combat | |  3.0

Action                     |  1- 3 |  4- 6 |  7- 9 || total
---------------------------+-------+-------+-------++-------
  Melee: Unarmed           |    91 |    50 |    96 ||   237
         Constrict         |    23 |    14 |    22 ||    59
         Tentacles         |    10 |    17 |    26 ||    53
         Punch             |     3 |     1 |     9 ||    13
         Trident           |       |       |    22 ||    22
  Evoke: Wand              |       |     6 |     3 ||     9
    Use: Scroll            |     8 |       |     3 ||    11
         Potion            |       |       |     1 ||     1
   Stab: Sleeping          |    13 |     6 |     4 ||    23
         Distracted        |       |     1 |     2 ||     3
 Armour: Skin              |    34 |     9 |    64 ||   107
  Dodge: Dodged            |    50 |    35 |    75 ||   160

Illustrated notes

Table legend:
 A = Kills in this place as a percentage of kills in the entire game.
 B = Kills by you in this place as a percentage of kills by you in the entire game.
 C = Kills by friends in this place as a percentage of kills by friends in the entire game.
 D = Other kills in this place as a percentage of other kills in the entire game.
 E = Experience gained in this place as a percentage of experience gained in the entire game.
 F = Experience gained in this place divided by the number of levels of this place that you have seen.
                   A       B       C       D       E      F
               +-------+-------+-------+-------+-------+----------------------
         Total | 100.0 | 100.0 |   N/A |   N/A | 100.0 | 352.8
       Dungeon | 100.0 | 100.0 |   N/A |   N/A | 100.0 | 352.8
               +-------+-------+-------+-------+-------+----------------------

Table legend: (Time is in decaauts)
 A = Elapsed time spent in this place.
 B = Non-inter-level travel time spent in this place.
 C = Inter-level travel time spent in this place.
 D = Time resting spent in this place.
 E = Time spent auto-exploring this place.
 F = Levels seen in this place.
 G = Mean time per level.
                   A        B        C        D        E       F      G
               +--------+--------+--------+--------+--------+-----+--------+
         Total |   4708 |   4373 |    335 |    618 |   2650 |   6 |  784.7 |
       Dungeon |   4708 |   4373 |    335 |    618 |   2650 |   6 |  784.7 |
               +--------+--------+--------+--------+--------+-----+--------+

Top non-repeatable levels by time:
     D:6: 1190 daAuts
     D:5: 836 daAuts
     D:4: 704 daAuts
     D:3: 694 daAuts
     D:2: 680 daAuts
     D:1: 602 daAuts
